 Dungeon Crawl Stone Soup version 0.32-a0-361-g289a535e89 (webtiles) character file.

Game seed: 4717220427172098224

79 greenreed the Trooper (level 4, 0/55 HPs)
             Began as a Coglin Berserker on Feb 19, 2024.
             Was a Follower of Trog.
             Slain by Natasha (7 damage)
             ... on level 2 of the Dungeon.
             The game lasted 00:03:11 (745 turns).

greenreed the Trooper (Coglin Berserker)             Turns: 745, Time: 00:03:13

Health: 0/55       AC:  3    Str: 25    XL:     4   Next: 37%
Magic:  4/4        EV: 12    Int:  6    God:    Trog [*.....]
Gold:   142        SH:  0    Dex: 14    Spells: 3/3 levels left

rFire   . . .        a - +0 hand axe {Jin}
rCold   . . .        i - +0 whip {José}
rNeg    . . .        b - +0 animal skin
rPois   .            (no helmet)
rElec   .            (no cloak)
rCorr   .            (no gloves)
SInv    .            f - +0 pair of boots
Will    .....        (no amulet) Stlth
                     e - +6 ring of strength
HPRegen 0.29/turn    (no ring)
MPRegen 0.09/turn

%: no passive effects
@: berserking, revved, stiff-legged, very slow
A: off-hand wielding, slow wielding, warmup strikes, warmup strides
a: Renounce Religion, Berserk


You were on level 2 of the Dungeon.
You worshipped Trog.
Trog was aware of your devotion.
You visited 1 branch of the dungeon, and saw 2 of its levels.

You collected 142 gold pieces.

Inventory:

Hand Weapons
 a - a +0 hand axe (weapon) {Jin}
 i - a +0 whip (worn) {José}
Armour
 b - a +0 animal skin (worn)
 f - a +0 pair of boots (worn)
Jewellery
 e - a +6 ring of strength (left grasper)
Scrolls
 d - 4 scrolls of identify {unknown}
 g - a scroll of enchant armour {unknown}
Potions
 c - 2 potions of curing {unknown}
 h - a potion of haste {unknown}


   Skills:
 * Level 3.8 Fighting
 * Level 3.8 Axes
 + Level 2.2 Armour
 + Level 2.2 Dodging


You had 3 spell levels left.
You didn't know any spells.
Your spell library was empty.

Dungeon Overview and Level Annotations

Branches:
Dungeon (2/15)

Altars:

Annotations:
D:2 Natasha


Innate Abilities, Weirdness & Mutations

You can wield a second weapon in your off-hand.
It takes a long time for you to wield or remove held weapons.
Your first few attacks do less damage.
Your first movements take longer.


Message History

Trog accepts your kill.
You can now call upon Trog for regeneration and willpower.
The gnoll hits you from afar with a +0 spear!
You have reached level 4!
You feel agile.
Unknown command.
The gnoll hits you with a +0 spear. The gnoll closely misses you.
Things that are here:
a +0 flail; a gnoll corpse You hit the gnoll with your +0 hand axe.
The gnoll is moderately wounded.
You whack the gnoll with your +0 whip!
Natasha mumbles some strange words.
The gnoll hits you with a +0 spear.
You hit the gnoll with your +0 hand axe.
You kill the gnoll!
Trog accepts your kill. Natasha casts a spell at you.
You resist with some effort. Natasha closely misses you.
You hit Natasha but do no damage.
You closely miss Natasha with your +0 hand axe.
The cerulean imp hits you from afar with a +1 spear.
Natasha claws you.
You hit Natasha with your +0 whip.
Natasha is moderately wounded.
You hit Natasha with your +0 hand axe.
The cerulean imp hits you from afar with a +1 spear.
* * * LOW HITPOINT WARNING * * *
Natasha stares at you and mumbles some strange words.
You resist with some effort.
Unknown command.
A red film seems to cover your vision as you go berserk!
You feel yourself moving faster!
You feel mighty!
You can no longer call upon Trog for regeneration and willpower.
The cerulean imp hits you from afar with a +1 spear.
* * * LOW HITPOINT WARNING * * *
Natasha claws you!
You die...
Natasha curls up and begins to purr.

. #.# . #.# .##########.#
..<.........####
...............#####
..............5h@..##########
#.#.#.#.#.#.#..###..........#
.#.....g.........##########.#
#.#...#.#.#.##.#.# #.#
....#.......##.#.# #.#
#...#.#.#†.....# # #.###
................... ###...#
.##...#.#....#####. #(....#
..........#..# #####.#


You could see Natasha and a cerulean imp (summoned).

Vanquished Creatures
  2 gnolls (D:2)
  An adder (D:2)
  5 ball pythons (D:1)
  3 endoplasms (D:1)
  2 giant cockroaches (D:1)
  2 goblins (D:1)
  2 hobgoblins (D:1)
  3 quokkas
  2 bats
  2 frilled lizards (D:1)
  2 kobolds (D:1)
  2 rats (D:1)
28 creatures vanquished.

Notes
Turn   | Place    | Note
-------+----------+-------------------------------------------
     0 | D:1      | greenreed the Coglin Berserker began the quest for the Orb.
     0 | D:1      | Reached XP level 1. HP: 18/18 MP: 1/1
   134 | D:1      | Reached XP level 2. HP: 23/24 MP: 2/2
   257 | D:1      | Reached XP level 3. HP: 24/29 MP: 3/3
   722 | D:2      | Noticed Natasha
   738 | D:2      | Reached ** piety under Trog
   739 | D:2      | Reached XP level 4. HP: 26/37 MP: 4/4
   745 | D:2      | Slain by Natasha

Illustrated notes

Levels and vault maps discovered:
D:1:      amcnicky_arrival_single_pillar, layout_rooms
D:2:      layout_loops_ring, serial_shops, shop, chequers_serial_rivers_micro_a,
          chequers_avenue, hangedman_decor_push, hangedman_decor_riveting,
          uniq_natasha

Skill      XL: |  1  2 |
---------------+-------+-----
Armour         | 2 |  2.2
Dodging        | 2 |  2.2
Fighting       | |  3.8
Axes           | |  3.8

Action                     |  1- 3 |  4- 6 || total
---------------------------+-------+-------++-------
  Melee: Hand axe          |    94 |     4 ||    98
         Whip              |     9 |     3 ||    12
 Invoke: Berserk           |       |     1 ||     1
   Stab: Sleeping          |     1 |       ||     1
 Armour: Animal skin       |    43 |     7 ||    50
  Dodge: Dodged            |    75 |     2 ||    77

Table legend: (Time is in decaauts)
 A = Elapsed time spent in this place.
 B = Non-inter-level travel time spent in this place.
 C = Inter-level travel time spent in this place.
 D = Time resting spent in this place.
 E = Time spent auto-exploring this place.
 F = Levels seen in this place.
 G = Mean time per level.
                   A        B        C        D        E       F      G
               +--------+--------+--------+--------+--------+-----+--------+
         Total |    803 |    781 |     22 |      0 |    533 |   2 |  401.5 |
       Dungeon |    803 |    781 |     22 |      0 |    533 |   2 |  401.5 |
               +--------+--------+--------+--------+--------+-----+--------+

Top non-repeatable levels by time:
     D:1: 658 daAuts
     D:2: 145 daAuts
